 Dungeon Crawl Stone Soup version 0.27.0-1-g7a089689b8 (webtiles) character file.

Game seed: 13410153184233561746

42 gimp the Cudgeller (level 3, 0/22 HPs)
             Began as a Tengu Warper on Aug 11, 2021.
             Slain by a goblin (2 damage)
             ... led by Robin
             ... on level 2 of the Dungeon.
             The game lasted 00:02:10 (1428 turns).

gimp the Cudgeller (Tengu Warper)                   Turns: 1428, Time: 00:02:11

Health: 0/22       AC:  3    Str: 12    XL:     3   Next: 56%
Magic:  7/7        EV: 12    Int: 13    God:
Gold:   62         SH:  0    Dex: 13    Spells: 6/6 levels left

rFire    . . .     SeeInvis .   a - +0 mace
rCold    . . .     Faith    .   (no shield)
rNeg     . . .     Spirit   .   b - +0 leather armour
rPois    .         Reflect  .   (helmet restricted)
rElec    .         Harm     .   (no cloak)
rCorr    .         Rampage  .   (no gloves)
Will     .....                  (boots unavailable)
Stlth    +.........             (no amulet)
HPRegen  0.07/turn              (no ring)
MPRegen  0.10/turn              (no ring)

@: no status effects
A: beak, talons 3
a: no special abilities


You were on level 2 of the Dungeon.
You visited 1 branch of the dungeon, and saw 2 of its levels.

You collected 62 gold pieces.

Inventory:

Hand Weapons
 a - a +0 mace (weapon)
Missiles
 d - 5 boomerangs of dispersal (quivered)
Armour
 b - a +0 leather armour (worn)
Scrolls
 c - a scroll of blinking
 e - a scroll of identify {unknown}
 f - a scroll of immolation {unknown}
 h - a scroll of amnesia {unknown}
Potions
 g - a potion of attraction {unknown}
 i - 2 potions of mutation {unknown}


   Skills:
 + Level 2.5 Fighting
 * Level 3.3 Maces & Flails
 - Level 1.0 Throwing
 + Level 2.0 Armour
 - Level 2.1 Dodging
 - Level 2.0 Spellcasting
 - Level 2.4 Translocations


You had 6 spell levels left.
You didn't know any spells.
Your spell library contained the following spells:

 Spells                   Type           Power      Damage    Failure   Level
 Blink                    Tloc           N/A        N/A       19%         2
 Shock                    Conj/Air       4%         1d3       32%         1
 Gell's Gravitas          Tloc           3%         N/A       36%         3
 Lesser Beckoning         Tloc           3%         N/A       36%         3
 Teleport Other           Tloc           7%         N/A       36%         3
 Swiftness                Air            1%         N/A       67%         3
 Airstrike                Air            0%         N/A       97%         4
 Manifold Assault         Tloc           7%         N/A       98%         5


Dungeon Overview and Level Annotations

Branches:
Dungeon (2/15)

Altars:

Annotations:
D:2 Robin


Innate Abilities, Weirdness & Mutations

You have a beak for a mouth.
You have claws for feet.


Message History

The goblin is moderately wounded.
The goblin hits you with a +0 dagger. The goblin barely misses you.
You take 2 damage, and have 20/22 hp.
You closely miss the goblin. You claw the goblin.
You kill the goblin!
Robin throws the goblin at you! The goblin hits you with a +0 club.
You take 6 damage, and have 14/22 hp.
MASSIVE DAMAGE!!
Robin throws the goblin at you! The goblin misses you.
The goblin hits you but does no damage.
You barely miss the goblin. The goblin hits you but does no damage.
You hit the goblin but do no damage. You claw the goblin, but do no damage.
Your peck misses the goblin. The goblin misses you.
The goblin closely misses you.
You sock the goblin!
You kill the goblin!
The hobgoblin closely misses you.
You barely miss the hobgoblin. Your kick misses the hobgoblin.
You peck the hobgoblin, but do no damage.
Robin throws the goblin at you! The goblin misses you. The hobgoblin hits you.
You take 2 damage, and have 12/22 hp.
The goblin barely misses you. Robin throws the goblin at you!
The goblin hits you but does no damage. The goblin closely misses you.
You take 2 damage, and have 10/22 hp.
You hit the goblin.
The goblin is severely wounded.
The goblin hits you but does no damage. The goblin closely misses you.
Robin's horned helmet rattles.
The goblin hits you but does no damage. The goblin hits you with a +0 club.
Robin roars a battlecry!
The goblins go into a battle-frenzy!
You take 4 damage, and have 7/22 hp.
The goblin completely misses you.
There is an open door here.
Robin throws the goblin at you!
You see here an adder skeleton.
You closely miss the goblin. The goblin hits you with a +0 club.
* * * LOW HITPOINT WARNING * * *
The goblin hits you but does no damage. The goblin hits you with a +0 club.
You die...

####.# #.....#
###...g####.....#
#........g#.....#
#^......g.'.....#
#.........#.....#
#.......††#g....#
#.........#g..(.#
#.........#g#####
#.........#@#
###.....###g####
#########....##
#<....#.##..#
##....♣♣♣♣♣.#
#.##♣♣P♣...#
#.#♣♣....♣##
#.#♣....P♣
#.♣♣...♣P♣


You could see a hobgoblin (strong) and 3 goblins.

Vanquished Creatures
  An adder (D:2)
  2 dart slugs
  5 bats
  3 endoplasms (D:1)
  A giant cockroach (D:2)
  8 goblins
  2 hobgoblins
  A kobold (D:1)
  A ball python (D:1)
  2 frilled lizards (D:1)
26 creatures vanquished.

Vanquished Creatures (others)
  4 plants (D:2)
4 creatures vanquished.

Grand Total: 30 creatures vanquished

Notes
Turn   | Place    | Note
-------+----------+-------------------------------------------
     0 | D:1      | gimp the Tengu Warper began the quest for the Orb.
     0 | D:1      | Reached XP level 1. HP: 12/12 MP: 4/4
   229 | D:1      | Reached XP level 2. HP: 13/17 MP: 6/6
   759 | D:1      | Reached skill level 3 in Maces & Flails
  1067 | D:2      | Reached XP level 3. HP: 11/22 MP: 7/7
  1388 | D:2      | Noticed Robin
  1428 | D:2      | Slain by a goblin

Illustrated notes

Levels and vault maps discovered:
D:1:      evilmike_arrival_crescent, layout_basic, minmay_heptomino_w4
D:2:      layout_basic, serial_forest, infiniplex_forest_straight_3,
          infiniplex_forest_straight_2, infiniplex_forest_diagonal,
          infiniplex_forest_lined_2, infiniplex_forest_straight_3,
          infiniplex_forest_clump_double, infiniplex_forest_clump_double,
          serial_shops, shop, hangedman_abyss_or_decor_lesser_grid, uniq_robin

Skill      XL: |  1  2  3 |
---------------+----------+-----
Maces & Flails | 3 |  3.3
Armour         | 2 |  2.0
Fighting       | |  2.5
Throwing       | |  1.0
Dodging        | |  2.1
Spellcasting   | |  2.0
Translocations | |  2.4

Action                   || total
-------------------------++-------
Melee: Mace              ||    67
       Peck              ||    10
       Kick              ||    11
 Stab: Sleeping          ||     1
Armor: Leather armour    ||    34
Dodge: Dodged            ||    51
